 Dungeon Crawl Stone Soup version 0.29-a0-529-gfa20dd96a1 (webtiles) character file.

Game seed: 16307483466352446329

11505 dolemite99 the Cruncher (level 11, -8/130 HPs)
             Began as a Demonspawn Gladiator on June 2, 2022.
             Was a High Priest of Cheibriados.
             Mangled by a merfolk
             ... wielding a +0 trident
              (14 damage)
             ... on level 2 of the Lair of Beasts.
             The game lasted 00:15:15 (12541 turns).

dolemite99 the Cruncher (Demonspawn Gladiator)     Turns: 12541, Time: 00:15:17

Health: -8/130     AC: 15    Str: 30    XL:     11   Next: 50%
Magic:  17/17      EV: 17    Int: 22    God:    Cheibriados [*****.]
Gold:   531        SH:  0    Dex: 27    Spells: 10/10 levels left

rFire   . . .      SeeInvis .   a - +1 quarterstaff
rCold   . . .      Faith    .   (shield currently unavailable)
rNeg    . . .      Spirit   .   T - +0 plate armour
rPois   +          Reflect  .   c - +0 helmet
rElec   .          Harm     .   A - +0 cloak
rCorr   .          Rampage  .   (no gloves)
Will    +....                   (no boots)
Stlth   ..........              n - amulet of regeneration
HPRegen 1.11/turn               m - ring of poison resistance
MPRegen 0.15/turn               w - ring of willpower {=R}

@: agile, berserking (expiring), very slow
A: hooves 1, powered by pain 3, spiny 2, sturdy frame 3
a: Renounce Religion, Bend Time, Temporal Distortion, Slouch, Step From Time


You were on level 2 of the Lair of Beasts.
You worshipped Cheibriados.
Cheibriados was extremely pleased with you.
You visited 2 branches of the dungeon, and saw 13 of its levels.

You collected 765 gold pieces.
You spent 234 gold pieces at shops.

Inventory:

Hand Weapons
 a - a +1 quarterstaff (weapon)
 b - a +0 hand crossbow
 p - a +0 hunting sling
 v - a +1 spear of flaming
 P - a +0 hunting sling
 U - a +0 quarterstaff
 V - the +1 scimitar "Tut Ihorph" {spect, rPois rCorr Stlth+}
   (You found it on level 9 of the Dungeon)

   When its wielder attacks, the weapon's spirit leaps out and strikes again.
   The spirit shares a part of any damage it takes with its wielder.
   rPois:     It protects you from poison.
   rCorr:     It protects you from acid and corrosion.
   Stlth:     It makes you more stealthy.
Missiles
 d - 8 throwing nets
 e - a javelin
 k - 339 stones
 u - 2 poisoned darts
Armour
 c - a +0 helmet (worn)
 A - a +0 cloak (worn)
 M - a +0 chain mail
 T - a +0 plate armour (worn)
Magical Staves
 f - a staff of earth
 h - a staff of air
Jewellery
 j - a ring of protection from cold
 m - a ring of poison resistance (left hand)
 n - an amulet of regeneration (around neck)
 o - a ring of protection from cold
 q - a ring of see invisible
 w - a ring of willpower (right hand) {=R}
 I - a ring of poison resistance
 Q - a ring of flight
 R - a ring of resist corrosion
Wands
 F - a wand of polymorph (15)
 N - a wand of iceblast (4)
Scrolls
 i - 6 scrolls of blinking
 l - 2 scrolls of amnesia
 r - 5 scrolls of magic mapping
 y - 2 scrolls of torment
 C - a scroll of immolation
 D - a scroll of identify {@r1}
 E - a scroll of poison
 S - 5 scrolls of teleportation
 Z - a scroll of enchant weapon
Potions
 g - 3 potions of brilliance
 s - 2 potions of resistance
 t - a potion of ambrosia
 x - 2 potions of invisibility
 z - a potion of berserk rage
 G - 5 potions of curing
 H - 2 potions of cancellation
 K - 2 potions of flight
 L - 3 potions of attraction
 O - 2 potions of lignification
 Y - a potion of heal wounds
Miscellaneous
 J - a phantom mirror
 W - a tin of tremorstones (1/2)


   Skills:
 - Level 8.4 Fighting
 + Level 10.8 Staves
 - Level 4.0 Crossbows
 - Level 1.7 Throwing
 - Level 7.0 Armour
 - Level 2.6 Dodging
 - Level 8.2 Invocations
 - Level 4.8 Evocations


You had 10 spell levels left.
You didn't know any spells.
Your spell library contained the following spells:

 Spells                   Type           Power      Damage    Failure   Level
 Magic Dart               Conj           0%         1d3       38%         1
 Ensorcelled Hibernation  Hex/Ice        0%         N/A       54%         2
 Passwall                 Tmut/Erth      0%         N/A       54%         2
 Poisonous Vapours        Pois/Air       0%         N/A       54%         2
 Searing Ray              Conj           0%         2d4       54%         2
 Swiftness                Air            0%         N/A       77%         3
 Corpse Rot               Necr/Pois/Air  0%         N/A       99%         4
 Fulminant Prism          Conj/Hex       0%         3d6       99%         4
 Hailstorm                Conj/Ice       0%         3d3       99%         4
 Ice Form                 Ice/Tmut       0%         N/A       99%         4
 Simulacrum               Ice/Necr       0%         N/A       100%        6


Dungeon Overview and Level Annotations

Branches:
Dungeon (11/15)            Temple (0/1) D:7            Lair (2/6) D:11
    Orc (0/2) D:10
  Swamp: Lair:2-4    Shoals: Lair:2-4     Snake: Lair:2-4    Spider: Lair:2-4

Altars:
Cheibriados
Gozag
Hepliaklqana
Trog
Wu Jian
Xom
Yredelemnul
Zin

Shops:
D:3 (   D:6 !   D:10 !

Annotations:
D:3 1 runed translucent door, xian's ghost, amateur DrCj
Lair:2 3 runed translucent doors, ytrimaz's ghost, journeyman MiBe


Innate Abilities, Weirdness & Mutations

You have large cloven feet.
You are powered by pain.
You are mostly covered in sharp spines.
Your movements are significantly less encumbered by armour. (ER -6)


Message History

The merfolk hits you with a +0 trident!!
You focus on the pain.
You feel agile all of a sudden.
The merfolk hits you from afar with a +0 trident!
You focus on the pain.
You feel more agile all of a sudden. The merfolk is struck by your spines.
The merfolk hits you with a +0 trident!
You focus on the pain.
You feel more agile all of a sudden. The merfolk is struck by your spines.
The merfolk completely misses you.
The merfolk hits you from afar with a +0 trident.
You are too injured to fight recklessly!
You are too injured to fight recklessly!
You are too injured to fight recklessly!
You hit the merfolk but do no damage. Your kick misses the merfolk.
The merfolk is moderately wounded.
The merfolk is struck by your spines.
The merfolk hits you with a +0 trident!!
* * * LOW HITPOINT WARNING * * *
The merfolk closely misses you. The merfolk completely misses you.
A red film seems to cover your vision as you go berserk!
Cheibriados forces you to slow down.
You feel mighty! The merfolk is struck by your spines.
The merfolk hits you but does no damage.
The merfolk is struck by your spines. The merfolk hits you with a +0 trident!
* * * LOW HITPOINT WARNING * * *
The merfolk closely misses you.
You sock the merfolk! Your kick misses the merfolk.
The merfolk is almost dead.
The merfolk closely misses you. x2
The merfolk hits you from afar with a +0 trident!
* * * LOW HITPOINT WARNING * * *
You closely miss the merfolk. You kick the merfolk!
You kill the merfolk!
Cheibriados appreciates the change of pace.
The merfolk is struck by your spines.
You kill the merfolk!
Cheibriados thoroughly appreciates the change of pace.
The merfolk hits you with a +0 trident!
You die...

...... ....... .......
.......## .........##
........#.###
...>....m...###
.......)@...≈.#
........####.≈≈≈
..........## ≈
...........###
.............###
...............##
........^.............P#
.......<.................
.........................


You could see a merfolk.

Vanquished Creatures
  A two-headed ogre (D:11)
  A cyclops (D:11)
  Joseph (D:9)
  2 cane toads (Lair:1)
  Psyche (D:9)
  A komodo dragon (Lair:2)
  4 trolls
  2 merfolk (Lair:2)
  A hornet (D:11)
  A polar bear (Lair:2)
  A vampire (D:10)
  A wraith (D:10)
  2 shadows (D:11)
  9 yaks
  2 fire bats (Lair:1)
  2 wyverns
  A basilisk (Lair:1)
  Grum (D:9)
  4 wargs
  A water moccasin (Lair:1)
  A black bear (D:5)
  An orc warrior (D:10)
  2 ice beasts
  15 wolves
  6 centaurs
  A phantom (D:5)
  A kobold brigand (D:6)
  2 bullfrogs
  A gnoll sergeant (D:7)
  3 scorpions
  A necrophage (D:4)
  9 killer bees
  2 electric eels
  13 orc priests
  A hound (D:6)
  A jelly (D:5)
  3 iguanas
  An iron imp (D:3)
  8 orc wizards
  7 gnolls
  10 adders
  2 white imps
  An ufetubus (D:6)
  A worm (D:5)
  3 dart slugs
  30 orcs
  8 bats
  6 endoplasms
  3 giant cockroaches
  10 goblins
  11 hobgoblins
  7 jackals
  6 quokkas
  3 ball pythons
  A frilled lizard (D:2)
  10 kobolds
  2 rats
232 creatures vanquished.

Vanquished Creatures (others)
  22 fungi
  2 plants (Lair:1)
24 creatures vanquished.

Grand Total: 256 creatures vanquished

Notes
Turn   | Place    | Note
-------+----------+-------------------------------------------
     0 | D:1      | dolemite99 the Demonspawn Gladiator began the quest for the
                  | Orb.
     0 | D:1      | Reached XP level 1. HP: 16/16 MP: 1/1
   150 | D:1      | Reached skill level 3 in Staves
   174 | D:1      | Gained mutation: You are partially covered in sharp spines.
                  | [demonic ancestry]
   174 | D:1      | Reached XP level 2. HP: 12/22 MP: 2/2
   707 | D:1      | Gained mutation: You are mostly covered in sharp spines.
                  | [demonic ancestry]
   707 | D:1      | Reached XP level 3. HP: 27/27 MP: 3/3
  1020 | D:2      | Found a faded altar of an unknown god.
  1122 | D:2      | Reached skill level 4 in Staves
  1900 | D:3      | Reached XP level 4. HP: 33/33 MP: 4/4
  1942 | D:3      | Found a snail-covered altar of Cheibriados.
  1951 | D:3      | Became a worshipper of Cheibriados the Contemplative
  1989 | D:3      | Reached skill level 5 in Staves
  2006 | D:3      | Gained mutation: Your movements are slightly less
                  | encumbered by armour. (ER -2) [demonic ancestry]
  2006 | D:3      | Reached XP level 5. HP: 7/38 MP: 5/5
  2474 | D:3      | Found Ogeviu's Weapon Shoppe.
  2682 | D:3      | Found a runed translucent door.
  2683 | D:3      | Noticed xian's ghost (amateur DrCj)
  2839 | D:4      | Reached skill level 6 in Staves
  3062 | D:4      | Reached * piety under Cheibriados
  3368 | D:4      | Gained mutation: You sometimes gain a little power by
                  | taking damage. [demonic ancestry]
  3368 | D:4      | Reached XP level 6. HP: 40/44 MP: 6/6
  4202 | D:4      | Reached skill level 7 in Staves
  4472 | D:5      | Entered Level 5 of the Dungeon
  4484 | D:5      | Reached ** piety under Cheibriados
  4485 | D:5      | Gained mutation: You have large cloven feet. [demonic
                  | ancestry]
  4485 | D:5      | Reached XP level 7. HP: 48/50 MP: 7/7
  5171 | D:5      | Reached skill level 8 in Staves
  5171 | D:5      | You fall into a shaft and drop 3 floors!
  5188 | D:8      | Noticed an angel
  5191 | D:8      | Found a shimmering altar of Xom.
  6275 | D:6      | Reached skill level 9 in Staves
  6275 | D:6      | Gained mutation: You sometimes gain power by taking damage.
                  | [demonic ancestry]
  6275 | D:6      | Reached XP level 8. HP: 49/56 MP: 8/8
  6404 | D:6      | Found Rarph's Distillery.
  6429 | D:6      | Bought a potion of heal wounds for 65 gold pieces
  6429 | D:6      | Bought a potion of curing for 39 gold pieces
  6429 | D:6      | Bought a potion of might for 52 gold pieces
  6429 | D:6      | Bought a potion of flight for 39 gold pieces
  6429 | D:6      | Bought a potion of attraction for 39 gold pieces
  7086 | D:7      | Reached *** piety under Cheibriados
  7477 | D:7      | Reached skill level 10 in Staves
  7682 | D:7      | Found a staircase to the Ecumenical Temple.
  7810 | D:7      | Reached skill level 1 in Armour
  8172 | D:8      | Gained mutation: You are powered by pain. [demonic
                  | ancestry]
  8172 | D:8      | Reached XP level 9. HP: 38/61 MP: 9/9
  8270 | D:8      | Found an opulent altar of Gozag.
  8270 | D:8      | Found a bloodstained altar of Trog.
  8270 | D:8      | Found a hazy altar of Hepliaklqana.
  8270 | D:8      | Found a basalt altar of Yredelemnul.
  8478 | D:9      | Noticed a troll
  8484 | D:9      | Killed a troll
  8611 | D:9      | Reached skill level 5 in Armour
  8706 | D:9      | Noticed Psyche
  8714 | D:9      | Killed Psyche
  8788 | D:9      | Reached **** piety under Cheibriados
  8793 | D:9      | Reached skill level 5 in Invocations
  8796 | D:9      | Noticed Grum
  8808 | D:9      | Killed Grum
  9071 | D:9      | Noticed Joseph
  9083 | D:9      | Killed Joseph
  9084 | D:9      | Gained mutation: Your movements are less encumbered by
                  | armour. (ER -4) [demonic ancestry]
  9084 | D:9      | Reached XP level 10. HP: 32/67 MP: 14/16
  9142 | D:9      | Identified the +1 scimitar "Tut Ihorph" {spect, rPois rCorr
                  | Stlth+}
  9541 | D:10     | Entered Level 10 of the Dungeon
 10068 | D:10     | Reached skill level 5 in Fighting
 10122 | D:10     | Found Loist's Distillery.
 10165 | D:10     | Found a staircase to the Orcish Mines.
 10360 | D:10     | Reached ***** piety under Cheibriados
 10509 | D:11     | Noticed a two-headed ogre
 10523 | D:11     | Killed a two-headed ogre
 10583 | D:11     | Reached skill level 1 in Evocations
 10645 | D:11     | Found a staircase to the Lair.
 10849 | D:11     | Gained mutation: Your movements are significantly less
                  | encumbered by armour. (ER -6) [demonic ancestry]
 10849 | D:11     | Reached XP level 11. HP: 55/87 MP: 17/17
 11206 | Lair:1   | Entered Level 1 of the Lair of Beasts
 11273 | Lair:1   | Reached skill level 1 in Crossbows
 12371 | Lair:2   | Found a runed translucent gate.
 12371 | Lair:2   | Found a runed translucent gate.
 12371 | Lair:2   | Found a runed translucent gate.
 12451 | Lair:2   | Found an ornate altar of the Wu Jian Council.
 12503 | Lair:2   | Noticed ytrimaz's ghost (journeyman MiBe)
 12539 | Lair:2   | HP: 3/130 [merfolk/+0 trident (17)]
 12541 | Lair:2   | Mangled by a merfolk

Illustrated notes

Levels and vault maps discovered:
D:1:      wander_arrival_lonely_grave, layout_basic
D:2:      layout_basic, shapermc_ecumenical_altar_mp_urbaneastern, uniq_sigmund
D:3:      layout_basic, chei_slow_surprise, serial_shops, shop_statue,
          ebering_ghost_reflecting_pool, guppyfry_early_orc_mine
D:4:      layout_basic, serial_aquarium, aquarium_bridge_island_small
          [aquarium_subvault_small_open, aquarium_subvault_bridge,
          aquarium_subvault_wall, aquarium_subvault_wall,
          aquarium_subvault_window], aquarium_window_corridor_3,
          aquarium_window_1, aquarium_window_fake, aquarium_view_2b
D:5:      layout_rooms
D:6:      layout_gridville, serial_shops, shop_coins, nicolae_benzene_ring,
          serial_bayou_crossing
D:7:      layout_basic, temple_doors_e
D:8:      layout_rooms, grunt_temple_overflow_order_and_chaos_1,
          grunt_temple_overflow_cloverleaf
D:9:      layout_loops_ring, minivault_14, uniq_joseph, uniq_psyche, uniq_grum
D:10:     layout_basic, david_orc_3, serial_shops, kennysheep_mini
D:11:     layout_loops_ring, erik_lair_orcish_takeover
Lair:1:   hellmonk_destroyed_diamonds, layout_gridlike, ldierk_geyser
Lair:2:   layout_hall_layers, elwin_shoals_entry_stream, basic_altar,
          gammafunk_ghost_icy, dreamdust_mushroom_princess, beast_lair_carwin_1

Skill      XL: |  1  2  3  4  5  6  7  8  9 10 11 |
---------------+----------------------------------+-----
Staves         | 3 4 5 6 7 9 10 | 10.8
Armour         | 3 6 7 |  7.0
Invocations    | 8 |  8.2
Fighting       | 8 |  8.4
Evocations     | 3 4 |  4.8
Crossbows      | 4 |  4.0
Throwing       | |  1.7
Dodging        | |  2.6

Action                   |  1- 3 |  4- 6 |  7- 9 | 10-12 || total
-------------------------+-------+-------+-------+-------++-------
Melee: Quarterstaff      |    75 |    90 |   177 |   194 ||   536
       Kick              |       |       |    52 |    70 ||   122
 Fire: Hand crossbow     |       |       |       |    14 ||    14
Throw: Dart              |       |       |       |     3 ||     3
       Throwing net      |       |       |       |     2 ||     2
Evoke: Wand              |       |       |     5 |    19 ||    24
       Tin of tremorston |       |       |       |     2 ||     2
  Use: Scroll            |       |     5 |    12 |     5 ||    22
       Potion            |       |     1 |     2 |     5 ||     8
Armor: Scale mail        |    40 |    28 |    25 |       ||    93
       Chain mail        |       |       |    34 |       ||    34
       Plate armour      |       |       |    22 |    83 ||   105
       Skin              |       |       |       |    36 ||    36
Dodge: Dodged            |    33 |    45 |    69 |   121 ||   268

Table legend: (Time is in decaauts)
 A = Elapsed time spent in this place.
 B = Non-inter-level travel time spent in this place.
 C = Inter-level travel time spent in this place.
 D = Time resting spent in this place.
 E = Time spent auto-exploring this place.
 F = Levels seen in this place.
 G = Mean time per level.
                   A        B        C        D        E       F      G
               +--------+--------+--------+--------+--------+-----+--------+
         Total |  16198 |  15601 |    597 |   4049 |   9021 |  13 | 1246.0 |
       Dungeon |  14091 |  13598 |    493 |   3797 |   7453 |  11 | 1281.0 |
          Lair |   2107 |   2003 |    104 |    252 |   1567 |   2 | 1053.5 |
               +--------+--------+--------+--------+--------+-----+--------+

Top non-repeatable levels by time:
     D:4: 2029 daAuts
  Lair:1: 1826 daAuts
     D:6: 1805 daAuts
     D:9: 1532 daAuts
     D:7: 1484 daAuts
     D:3: 1440 daAuts
    D:10: 1266 daAuts
    D:11: 1150 daAuts
     D:5: 1056 daAuts
     D:1: 984 daAuts
     D:8: 887 daAuts
     D:2: 453 daAuts
  Lair:2: 281 daAuts
